Map: Acropolis LE

Players

Astrea

  • Race: Protoss Protoss
  • Spawn Location: 11:00

Denver - Winner!

  • Race: Zerg Zerg
  • Spawn Location: 5:00

Event: 2019 WCS Summer

VOD

Have the link to the VOD?

Description

Time

  • Played on: July 12, 2019, 6:47 a.m.
  • Length: 10:39

All games in this series

Show
View Real Time Build Order
Export as new Build Order

Astrea Protoss 

Build Orders: Nexus First, Phoenix Opening 

Get SALT Encoding   

  12  0:00  Probe  
  13  0:12  Probe  
  14  0:19  Pylon  
  14  0:24  Probe  
  15  0:34  Probe  
  15  0:42  Probe  
  17  0:52  Probe  
  18  1:01  Nexus  
  18  1:04  Probe  
  19  1:14  Probe, Gateway  
  20  1:21  Assimilator  
  20  1:22  Probe  
  20  1:29  Assimilator  
  20  1:32  Probe  
  21  1:38  Pylon  
  22  1:44  Probe  
  23  1:57  Probe  
  24  2:01  Cybernetics Core  
  26  2:09  Probe x2  
  28  2:17  Probe  
  28  2:21  Probe  
  30  2:27  Probe  
  30  2:28  Stalker  
  29  2:33  Probe  
  30  2:38  Warp Gate  
  30  2:39  Probe  
  30  2:41  Robotics Facility  
  33  2:45  Probe  
  34  2:51  Probe  
  34  2:57  Probe  
  38  2:58  Sentry  
  38  3:03  Probe  
  39  3:08  Pylon  
  39  3:09  Probe  
  40  3:13  Gateway  
  40  3:16  Probe  
  40  3:17  Immortal  
  41  3:21  Probe  
  41  3:25  Sentry  
  44  3:28  Probe  
  44  3:33  Probe  
  50  3:34  Gateway  
  50  3:37  Pylon  
  50  3:38  Phoenix  
  50  3:40  Probe  
  51  3:43  Assimilator  
  51  3:45  Probe  
  51  3:46  Assimilator, Warp Prism  
  52  3:51  Sentry  
  55  3:55  Probe  
  55  3:58  Probe  
  58  4:02  Pylon  
  58  4:05  Pylon  
  58  4:10  Probe x2  
  58  4:12  Gateway  
  58  4:13  Immortal, Gateway  
  64  4:29  Sentry x2  
  64  4:31  Zealot  
  70  4:41  Gateway  
  70  4:43  Gateway x2  
  70  4:45  Observer  
  70  4:46  Pylon  
  71  4:53  Sentry x2  
  71  4:55  Zealot  
  75  5:06  Pylon  
  75  5:07  Pylon  
  75  5:10  Immortal  
  75  5:15  Probe x2  
  81  5:27  Nexus  
  73  5:33  Probe  
  74  5:37  Pylon  
  74  5:38  Sentry x4  
  74  5:40  Immortal  
  74  5:42  Probe  
  83  5:46  Probe, Pylon  
  88  5:55  Probe  
  88  5:56  Sentry  
  88  5:57  Zealot x2  
  93  5:58  Probe  
  93  6:01  Stalker  
  98  6:07  Probe  
  99  6:11  Immortal  
  99  6:13  Sentry, Zealot x3  
  107  6:24  Pylon  
  111  6:30  Sentry, Zealot  
  115  6:35  Shield Battery  
  115  6:47  Stalker x4  
  115  6:51  Stalker  
  125  6:59  Zealot  
  125  7:00  Zealot  
  129  7:04  Zealot  
  131  7:18  Stalker x5  
  131  7:21  Pylon  
  131  7:22  Pylon  
  117  7:44  Stalker x7  
  129  8:00  Zealot  
  131  8:09  Sentry x2  
  131  8:10  Zealot x5  
  124  8:31  Stalker x6  
  73  9:12  Probe  
  73  9:13  Probe  
  73  9:15  Warp Prism  
  59  9:18  Probe  
  59  9:21  Sentry  
  59  9:22  Sentry x4  
  72  9:25  Probe x2  
  72  9:30  Probe  
  73  9:35  Probe  
  73  9:36  Stalker x2, Probe  
  74  9:40  Probe  
  74  9:44  Probe x2  
  75  9:48  Probe  
  78  9:53  Observer, Sentry  
  78  9:54  Stalker  
  78  9:56  Stalker  
  81  10:07  Stalker x2  
  82  10:23  Stalker x3  
Show
View Real Time Build Order
Export as new Build Order

Denver Zerg - Winner!

Build Orders: Hatch First 

Get SALT Encoding   

  12  0:01  Drone  
  13  0:12  Overlord  
  13  0:17  Drone  
  14  0:31  Drone x2  
  16  0:48  Hatchery  
  15  0:52  Drone  
  15  0:55  Drone  
  17  1:00  Drone  
  18  1:09  Extractor  
  17  1:16  Spawning Pool  
  16  1:19  Drone  
  16  1:22  Drone  
  18  1:29  Drone  
  19  1:50  Drone, Hatchery  
  19  1:54  Drone  
  20  2:03  Queen  
  20  2:07  Drone  
  23  2:10  Drone  
  24  2:16  Overlord  
  24  2:22  Metabolic Boost  
  24  2:25  Drone  
  25  2:33  Queen  
  25  2:36  Zergling x2  
  28  2:39  Drone  
  28  2:41  Drone  
  30  2:44  Drone  
  30  2:46  Drone  
  30  2:51  Overlord  
  32  2:55  Drone  
  32  2:57  Drone  
  34  3:02  Queen  
  36  3:06  Overlord  
  36  3:11  Drone  
  37  3:14  Drone x2  
  37  3:16  Drone  
  37  3:17  Drone  
  37  3:18  Drone  
  42  3:23  Overlord  
  42  3:25  Drone  
  43  3:28  Drone x2  
  43  3:33  Queen  
  47  3:37  Drone x2  
  49  3:44  Overlord  
  49  3:45  Drone x3  
  49  3:48  Drone x2  
  54  3:54  Roach Warren  
  54  3:55  Drone  
  54  3:56  Drone  
  54  3:59  Extractor  
  54  4:00  Extractor  
  54  4:02  Lair  
  53  4:04  Drone  
  53  4:06  Drone x2  
  56  4:12  Drone x4  
  60  4:18  Overlord  
  60  4:22  Overlord x2  
  59  4:28  Zergling x8  
  63  4:34  Zergling x2  
  63  4:36  Roach  
  66  4:40  Roach  
  66  4:41  Roach x4  
  66  4:44  Zergling x2  
  66  4:45  Zergling x4  
  79  4:48  Zergling x2  
  80  4:53  Zergling x2  
  80  4:54  Zergling x6  
  80  4:57  Ravager  
  80  4:58  Queen  
  87  5:00  Glial Reconstitution  
  87  5:01  Ravager  
  87  5:03  Zergling x4  
  89  5:12  Zergling x6  
  88  5:15  Zergling x2  
  88  5:16  Overlord  
  88  5:17  Overlord x4  
  88  5:19  Overlord  
  89  5:26  Zergling x2  
  89  5:27  Zergling x2  
  85  5:32  Zergling x8  
  85  5:33  Spire  
  85  5:35  Overseer  
  82  5:36  Drone  
  82  5:38  Drone  
  82  5:41  Overseer  
  82  5:42  Drone, Extractor  
  84  5:43  Drone x3  
  84  5:47  Drone  
  88  5:53  Drone x2  
  90  5:57  Drone  
  90  6:02  Extractor, Evolution Chamber  
  90  6:03  Drone x2  
  91  6:09  Roach  
  91  6:10  Roach x3  
  99  6:14  Overlord  
  99  6:16  Hatchery  
  98  6:20  Drone x7  
  98  6:25  Drone  
  105  6:30  Zerg Missile Weapons Level 1  
  105  6:32  Drone x3, Extractor  
  107  6:37  Overlord  
  107  6:41  Overlord  
  107  6:42  Overlord  
  107  6:45  Roach x5  
  116  6:50  Overlord, Roach  
  116  6:51  Roach x2  
  122  6:57  Roach x2  
  122  6:58  Ravager x2  
  122  6:59  Ravager x2  
  130  7:01  Overlord  
  130  7:04  Overseer  
  130  7:07  Zergling x2  
  130  7:08  Zergling x8  
  135  7:10  Ravager  
  135  7:14  Zergling x8  
  137  7:19  Mutalisk  
  137  7:20  Mutalisk x2  
  143  7:25  Mutalisk  
  143  7:31  Mutalisk  
  143  7:34  Roach x3  
  138  7:39  Roach x3  
  138  7:40  Roach  
  138  7:41  Overlord  
  145  7:47  Zergling x14  
  145  7:48  Zergling x2  
  147  7:54  Roach x3  
  147  7:55  Hatchery  
  150  7:58  Roach x2  
  142  8:06  Zergling x10  
  142  8:07  Zergling x2  
  142  8:11  Roach x3  
  148  8:15  Ravager  
  148  8:17  Zergling x2  
  148  8:18  Zergling x6  
  146  8:22  Roach x2  
  137  8:30  Roach  
  134  8:36  Roach  
  134  8:37  Roach x4  
  135  8:43  Zergling x2  
  135  8:44  Zergling x6  
  112  8:49  Zergling x4  
  112  8:54  Queen  
  95  8:59  Roach  
  95  9:00  Roach  
  89  9:04  Zergling x2  
  78  9:12  Mutalisk  
  78  9:13  Mutalisk x2  
  78  9:16  Drone x2  
  90  9:24  Roach x2  
  90  9:28  Drone x2  
  90  9:30  Drone  
  93  9:36  Roach  
  93  9:37  Roach  
  97  9:42  Roach x2  
  97  9:47  Roach  
  97  9:48  Roach x2  
  97  9:51  Roach x2  
  107  9:56  Roach x2  
  107  9:57  Roach  
  115  10:00  Roach  
  115  10:03  Zergling x6  
  115  10:06  Roach  
  120  10:11  Roach x3  
Tags
 
Add a new tag
Caveats
  • Supply blocks, unpowered buildings, or Contaminate may cause inaccurate times.
  • Supply counts are checked every 10 seconds.